 Dungeon Crawl Stone Soup version 0.13-a0-2584-g2e76cfd (webtiles) character file.

12270 Psiweapon the Protected (level 11, -2/80 (81) HPs)
             Began as a Deep Dwarf Necromancer on July 30, 2013.
             Was an Elder of Sif Muna.
             Killed from afar by an electric eel (13 damage)
             ... with a bolt of electricity
             ... on Level 13 of the Dungeon on July 31, 2013.
             The game lasted 02:15:10 (16020 turns).

Psiweapon the Protected (Deep Dwarf Necromancer)   Turns: 16020, Time: 02:15:12

HP  -2/80 (81)   AC 18     Str 17      XL: 11   Next: 51%
MP  20/27        EV 10     Int 24      God: Sif Muna [****..]
Gold 646         SH  0     Dex 18      Spells:  9 memorised,  7 levels left

Res.Fire  : . . .   See Invis. : .   Y - +3,+2 falchion "Ocumemiu" {slice, +Fly Dex Res.Cold : . . . Warding : . A - +7 ring mail of the Prince {Str+4 Dex+2} Life Prot.: . . . Conserve : . (no shield)
Res.Poison: .       Res.Corr.  : .   n - +1 dwarf spiked helmet
Res.Elec. : .       Clarity    : .   o - +0 elf cloak
Sust.Abil.: . .     Spirit.Shd : .   (no gloves)
Res.Mut.  : .       Stasis     : .   (no boots)
Res.Rott. : .       Flight     : .   (no amulet)
Saprovore : . . .                    u - +6 ring of intelligence
                                     G - ring of wizardry

@: non-regenerating, about to teleport, quite resistant to hostile enchantments,
unstealthy
A: damage resistance, recharge devices, berserk 1, +10% mp, sense surroundings
2, slow healing 3
a: Device Recharging, Channel Energy, Forget Spell, Renounce Religion, Evoke
Flight


You were on level 13 of the Dungeon.
You worshipped Sif Muna.
Sif Muna was extremely pleased with you.
You were hungry.

You visited 2 branches of the dungeon, and saw 14 of its levels.
You also visited: Labyrinth.

You collected 626 gold pieces.

Inventory:

Hand weapons
 y - the +3,+3 sabre "Hastruet" {speed, +Fly rN+}
   (You found it in a labyrinth)

   Attacks with this weapon take half as long, but cause slightly less damage.
   It protects you from negative energy.
   It lets you fly.
 I - a +1,+0 great mace
 K - the +4,+1 whip of the Pure Places {freeze, Int+3}
   (You found it on level 5 of the Dungeon)

   It has been specially enchanted to freeze those struck by it, causing extra
   injury to most foes and up to double damage against particularly susceptible
   opponents.
   It can also slow down cold-blooded creatures.
   It affects your intelligence (+3).
 Y - the cursed +3,+2 falchion "Ocumemiu" (weapon) {slice, +Fly Dex+3}
   (You found it in a labyrinth)

   It inflicts extra damage upon your enemies.
   It affects your dexterity (+3).
   It lets you fly.
   It has a curse placed upon it.
Missiles
 X - a javelin (quivered)
Armour
 n - a +1 dwarven spiked helmet (worn)
 o - a +0 elven cloak (worn)
 A - the +7 ring mail of the Prince (worn) {Str+4 Dex+2}
   (You found it in a labyrinth)

   It affects your strength (+4).
   It affects your dexterity (+2).
Magical devices
 c - a wand of heal wounds (6)
 f - a wand of enslavement (15)
 h - a wand of lightning (0)
 v - a wand of disintegration (7)
 w - a wand of digging (15)
 z - a wand of lightning (0)
Comestibles
 d - 7 bread rations
 F - 2 apples
 R - 5 meat rations
Scrolls
 g - a scroll of summoning
 i - 2 scrolls of enchant weapon I
 k - 11 scrolls of remove curse
 l - 2 scrolls of fear
 p - 7 scrolls of teleportation
 x - a scroll of enchant armour
 C - 2 scrolls of immolation {unknown}
 E - 3 scrolls of enchant weapon II {unknown}
 H - 3 scrolls of random uselessness {unknown}
 N - 4 scrolls of noise {unknown}
 O - 4 scrolls of curse jewellery {unknown}
 U - 3 scrolls of magic mapping {unknown}
 W - 5 scrolls of fog
Jewellery
 e - an uncursed ring of regeneration {unknown}
 j - a cursed ring of teleportation
 r - an uncursed ring of ice
 t - the ring of Vitality {Regen HP+15}
   (You found it in a labyrinth)

   [ring of regeneration]

   It affects your health (+15).
 u - a +6 ring of intelligence (right hand)
 G - a ring of wizardry (left hand)
 S - an uncursed ring of protection from magic
Potions
 m - 7 potions of curing
 s - a potion of strong poison {unknown}
 D - 3 potions of poison {unknown}
 J - 2 potions of heal wounds {unknown}
 L - a potion of berserk rage {unknown}
 P - 3 potions of mutation {unknown}
 Q - a potion of might {unknown}
 V - a potion of flight
 Z - 2 potions of cure mutation {unknown}
Books
 a - a book of Party Tricks

   Spells                             Type                      Level
   *Summon Butterflies                Summoning                    1
   *Apportation                       Translocation                1
   *Blink                             Translocation                2
   *Alistair's Intoxication           Transmutation/Poison         4
   Tukima's Dance                     Hexes                        5
 b - a book of Necromancy

   Spells                             Type                      Level
   *Pain                              Necromancy                   1
   *Animate Skeleton                  Necromancy                   1
   *Lethal Infusion                   Charms/Necromancy            2
   *Vampiric Draining                 Necromancy                   3
   Regeneration                       Charms/Necromancy            3
   Animate Dead                       Necromancy                   4
   *Control Undead                    Necromancy                   4
 T - a book of Summonings

   Spells                             Type                      Level
   Abjuration                         Summoning                    3
   Recall                             Summoning/Translocation      3
   Summon Elemental                   Summoning                    4
   Shadow Creatures                   Summoning                    5
   Summon Demon                       Summoning                    5
   Summon Ugly Thing                  Summoning                    6
Magical staves
 B - an uncursed staff of wizardry
Miscellaneous
 M - an ornate deck of war
Rods
 q - a +0 rod of warding (10/10)
   (You found it in a labyrinth)


   Skills:
 - Level 1.8 Long Blades
 - Level 6.2 Maces & Flails
 - Level 10.0 Armour
 - Level 3.0 Dodging
 - Level 4.0 Stealth
 + Level 8.2 Spellcasting
 - Level 1.5 Charms
 - Level 1.7 Summonings
 - Level 9.5 Necromancy
 - Level 2.2 Translocations
 - Level 3.0 Transmutations
 + Level 3.7 Poison Magic


You had 7 spell levels left.
You knew the following spells:

 Your Spells              Type           Power        Failure   Level  Hunger
a - Pain                  Necr           ####         1%          1    None
b - Vampiric Draining     Necr           ######....   1%          3    None
c - Animate Skeleton      Necr           N/A          1%          1    None
d - Lethal Infusion       Chrm/Necr      #####.....   1%          2    None
e - Blink                 Tloc           N/A          1%          2    None
f - Summon Butterflies    Summ           ###.....     1%          1    None
g - Apportation           Tloc           ###.......   1%          1    None
h - Control Undead        Necr           ######....   1%          4    ##.....
i - Alistair's Intoxicat  Trmt/Pois      ####....     8%          4    ##.....


Dungeon Overview and Level Annotations

Branches:
Dungeon (13/27)            Temple (1/1) D:7             Orc (0/4) D:11
   Lair: D:8-13

Altars:
Ashenzari
Cheibriados
Elyvilon
Fedhas
Kikubaaqudgha
Makhleb
Nemelex Xobeh
Okawaru
Sif Muna
Trog
Vehumet
Xom
Yredelemnul
Zin
the Shining One

Shops:
D:8: *


Innate Abilities, Weirdness & Mutations

You are resistant to damage.
You can recharge devices by infusing magical energy.
You passively map the area around you.
You do not heal naturally.
You tend to lose your temper in combat.
You have an increased reservoir of magic (+10% MP).


Message History

An orc priest comes into view. It is wielding an orcish club.
You gasp with relief as air once again reaches your lungs.
The orc knight shouts!
The orc priest shouts!
The water elemental hits you.
The electric eel shoots out a bolt of electricity!
The bolt of electricity hits you!
* * * LOW HITPOINT WARNING * * *
The bolt of electricity hits the plant.
The water elemental hits you!
* * * LOW HITPOINT WARNING * * *
The orc priest glows brightly for a moment.
Found 24 gold pieces.
Read which item? (? for menu, Esc to quit)
As you read the scroll of teleportation, it crumbles to dust.
You feel strangely unstable. The orc completely misses you.
The electric eel shoots out a bolt of electricity!
The bolt of electricity hits the plant.
The bolt of electricity hits the electric eel.
The bolt of electricity hits you!
You die...

* ≈≈≈≈≈.. ,..# # ≈≈≈≈
≈≈P≈≈≈## #.# # ≈
≈≈≈P≈≈≈≈###.#### # * ≈≈
≈≈≈≈;P≈≈P.......# ##
≈≈≈≈≈P≈≈....)....######.
, ,
$..........>............
≈
≈≈≈≈≈≈≈≈.♣.......######.
≈P≈≈≈≈≈P;E≈≈......# #. ≈
P♣♣♣≈P≈@.P♣≈.....# #. ,
≈ ≈ ♣♣≈≈≈o≈P♣≈....# #. *
♣P≈P.≈≈♣≈....######. ≈ ,
♣≈≈≈.≈≈♣≈###........ , *
*♣P≈≈.≈≈♣## #.######.
,,, ≈ , #P≈≈.≈♣♣ #.#, #.
, * #♣≈Poo♣* *.#** ,#. ,
*♣oP.≈♣ , , #. ** P≈. **
* #.


You could see an orc knight, a water elemental, an orc priest, 2 electric eels
and 2 orcs.

Vanquished Creatures
  A minotaur (Lab)
  Fannar (D:12)
  An unseen horror (D:11)
  A hill giant (D:13)
  A two-headed ogre (D:10)
  A slime creature (D:12)
  A wyvern (D:8)
  Grum (D:12)
  A vampire mosquito (D:13)
  3 yaks (D:11)
  2 wolves (D:12)
  2 hungry ghosts
  A steam dragon (D:10)
  A manticore (D:8)
  A troll (D:9)
  4 necrophages
  6 sky beasts
  An ice beast (D:5)
  7 orc warriors
  2 black bears
  The ghost of CryptoCactus the Skirmisher, an average DgWn (D:3)
  A phantom (D:10)
  5 ogres
  2 centaurs
  Sigmund (D:2)
  2 wargs (D:11)
  A crocodile (D:12)
  11 giant frogs
  A komodo dragon zombie (D:12)
  2 water moccasins
  A yak zombie (D:13)
  4 wights (D:11)
  4 killer bees (D:7)
  2 eyes of draining
  A troll zombie (D:13)
  An electric eel (D:13)
  3 goliath beetles
  A giant frog zombie (D:5)
  6 crimson imps
  9 orc wizards
  5 iguanas
  A giant frog skeleton (D:11)
  6 hounds
  A scorpion (D:7)
  8 worker ants
  A crocodile zombie (D:8)
  A sky beast zombie (D:5)
  An ogre skeleton (D:7)
  A mottled dragon skeleton (D:10)
  2 worker ant zombies
  A worm zombie (D:5)
  5 orc priests
  17 adders
  A giant mite (D:5)
  2 worms
  5 giant eyeballs
  8 giant geckos
  35 orcs
  A bat skeleton (D:7)
  5 giant cockroaches
  14 hobgoblins
  13 jackals
  2 quokkas (D:8)
  A ball python (D:4)
  13 bats
  4 giant newts
  A giant spore (D:8)
  16 goblins
  A hobgoblin skeleton (D:7)
  13 kobolds
  An orc zombie (D:10)
  23 rats
  2 ballistomycetes (D:8)
309 creatures vanquished.

Vanquished Creatures (collateral kills)
  A hill giant (D:12)
  2 slime creatures (D:12)
  A basilisk (D:12)
  A manticore (D:9)
  A vampire mosquito (D:13)
  A black bear (D:9)
  2 ice beasts (D:12)
  A phantom (D:12)
  A giant frog (D:12)
  A yak skeleton (D:7)
  A hippogriff skeleton (D:6)
  4 crimson imps
  A hound (D:8)
  A basilisk skeleton (D:12)
  A worker ant (D:4)
  3 orc wizards
  A jelly (D:12)
  2 adders
  A worm (D:12)
  An adder zombie (D:7)
  9 orcs
  3 hobgoblins
  A giant newt (D:2)
41 creatures vanquished.

Vanquished Creatures (others)
  A hill giant skeleton (D:12)
  An elf skeleton (D:12)
  A centaur skeleton (D:12)
  A black bear skeleton (D:9)
  4 giant frog skeletons
  A necrophage skeleton (D:11)
  2 ogre skeletons
  7 adder skeletons
  An orc (D:11)
  4 bat skeletons
  A giant gecko skeleton (D:7)
  2 goblin skeletons
  5 hobgoblin skeletons
  2 jackal skeletons (D:7)
  29 orc skeletons
  6 rat skeletons
  A fungus (D:12)
69 creatures vanquished.

Grand Total: 419 creatures vanquished

Notes
Turn   | Place    | Note
--------------------------------------------------------------
     0 | D:1      | Psiweapon, the Deep Dwarf Necromancer, began the quest for the Orb.
     0 | D:1      | Reached XP level 1. HP: 15/15 MP: 3/3
   431 | D:1      | Reached XP level 2. HP: 22/22 MP: 2/4
  1358 | D:2      | Noticed Sigmund
  1378 | D:3      | Reached XP level 3. HP: 26/28 MP: 3/6
  1488 | D:3      | Learned a level 3 spell: Vampiric Draining
  1697 | D:3      | Learned a level 1 spell: Animate Skeleton
  1771 | D:3      | Noticed CryptoCactus' ghost (average DgWn)
  1785 | D:3      | Killed CryptoCactus' ghost
  1785 | D:3      | Reached skill level 5 in Necromancy
  1785 | D:3      | Reached XP level 4. HP: 12/36 MP: 8/8
  2004 | D:3      | Reached XP level 5. HP: 39/42 MP: 2/9
  2128 | D:3      | Reached skill level 1 in Armour
  2518 | D:4      | Learned a level 2 spell: Lethal Infusion
  2740 | D:5      | Entered Level 5 of the Dungeon
  2803 | D:4      | Found a blossoming altar of Fedhas.
  3316 | D:4      | Reached skill level 1 in Long Blades
  3468 | D:4      | Reached XP level 6. HP: 38/49 MP: 8/11
  3771 | D:5      | Reached skill level 6 in Necromancy
  4005 | D:5      | Got a transparent whip
  4006 | D:5      | Identified the +4,+1 whip of the Pure Places {freeze, Int+3} (You found it on level 5 of the Dungeon)
  4185 | D:5      | Reached skill level 1 in Maces & Flails
  4468 | D:5      | Reached XP level 7. HP: 47/55 MP: 8/13
  6154 | D:7      | Reached XP level 8. HP: 48/62 MP: 17/17
  6316 | D:7      | Reached skill level 5 in Armour
  6901 | D:7      | Found a staircase to the Ecumenical Temple.
  6908 | Temple   | Entered the Ecumenical Temple
  7177 | Temple   | Became a worshipper of Sif Muna the Loreminder
  7335 | D:7      | Reached skill level 5 in Maces & Flails
  7503 | D:7      | Reached skill level 5 in Spellcasting
  7587 | D:7      | Gained mutation: You passively map the area around you. [level up]
  7587 | D:7      | Reached XP level 9. HP: 48/68 MP: 9/20
  8350 | D:8      | Found Clazeadgh's Hardware Store.
  8461 | D:8      | Found a white marble altar of Elyvilon.
  8489 | D:8      | Reached skill level 7 in Armour
  8692 | D:8      | Acquired Sif Muna's first power
  8801 | D:8      | Paralysed by a potion of paralysis for 5 turns
  9464 | D:9      | Reached skill level 8 in Armour
  9741 | D:9      | Gained mutation: You have an increased reservoir of magic (+10% MP). [mutagenic meat]
  9742 | D:9      | Gained mutation: You tend to lose your temper in combat. [mutagenic meat]
  9876 | D:9      | Reached XP level 10. HP: 72/75 MP: 12/25
 10022 | D:9      | Paralysed by a giant eyeball for 2 turns
 10039 | D:10     | Entered Level 10 of the Dungeon
 10139 | D:9      | Found an ancient bone altar of Kikubaaqudgha.
 10153 | D:9      | Acquired Sif Muna's second power
 11003 | D:10     | Reached skill level 9 in Armour
 11277 | D:10     | Upgraded the game from 0.13-a0-2561-ge340899 to 0.13-a0-2584-g2e76cfd
 11405 | D:11     | Found a labyrinth entrance.
 11414 | Lab      | Entered a labyrinth
 11808 | Lab      | Found an exit through the horrors of the Abyss.
 11914 | Lab      | Noticed a minotaur
 11926 | Lab      | Killed a minotaur
 11939 | Lab      | Identified a cursed +2 rod of striking (5/8) (You took it off a minotaur in a labyrinth)
 11946 | Lab      | Got a crystal falchion
 11949 | Lab      | Identified the falchion "Ocumemiu" {slice, +Fly Dex+3} (You found it in a labyrinth)
 11956 | Lab      | Got a fine ring mail
 11971 | Lab      | Identified the +7 ring mail of the Prince {Str+4 Dex+2} (You found it in a labyrinth)
 11977 | Lab      | Got an ichor-stained sabre
 11994 | Lab      | Identified a +0 rod of warding (10/10) (You found it in a labyrinth)
 11996 | Lab      | Identified the sabre "Hastruet" {speed, +Fly rN+} (You found it in a labyrinth)
 12224 | D:11     | Killed an unseen horror
 13275 | D:2      | Killed Sigmund
 13275 | D:2      | Reached skill level 10 in Armour
 13787 | D:6      | Learned a level 2 spell: Blink
 13789 | D:6      | Learned a level 1 spell: Summon Butterflies
 13791 | D:6      | Learned a level 1 spell: Apportation
 14083 | D:11     | Reached skill level 1 in Translocations
 14089 | D:11     | Reached skill level 1 in Summonings
 14105 | D:11     | Reached XP level 11. HP: 51/80 MP: 27/27
 14216 | D:11     | Found a staircase to the Orcish Mines.
 14222 | D:11     | Reached skill level 1 in Charms
 14632 | D:12     | Learned a level 4 spell: Control Undead
 14639 | D:12     | Learned a level 4 spell: Alistair's Intoxication
 14721 | D:12     | Noticed Grum
 14734 | D:12     | Killed Grum
 14734 | D:12     | Reached skill level 1 in Transmutations
 14734 | D:12     | Reached skill level 1 in Poison Magic
 14832 | D:12     | Noticed Fannar
 14865 | D:12     | Killed Fannar
 14965 | D:12     | Noticed a hill giant
 14975 | D:12     | Killed a hill giant
 14975 | D:12     | Acquired Sif Muna's third power
 15549 | D:12     | Your ally Fannar died
 15707 | D:13     | Noticed a hill giant
 15717 | D:13     | Killed a hill giant
 16020 | D:13     | Killed from afar by an electric eel

Action                   |  1- 3 |  4- 6 |  7- 9 | 10-12 || total
-------------------------+-------+-------+-------+-------++-------
Melee: Whip              |    17 |    42 |   205 |    23 ||   287
       Hand axe          |    17 |    12 |       |       ||    29
       Falchion          |       |    23 |       |   233 ||   256
       Great mace        |       |       |    46 |    49 ||    95
 Fire: Sling             |       |       |     2 |       ||     2
Throw: Javelin           |    24 |    19 |    15 |     3 ||    61
       Dagger            |       |     7 |       |       ||     7
       Hand axe          |       |    12 |     9 |     4 ||    25
       Spear             |       |     2 |     2 |       ||     4
       Stone             |       |       |     1 |       ||     1
 Cast: Pain              |    42 |    91 |    86 |    58 ||   277
       Animate Skeleton  |     2 |    25 |    47 |    36 ||   110
       Vampiric Draining |     2 |    12 |    94 |   117 ||   225
       Lethal Infusion   |       |     3 |     4 |     2 ||     9
       Control Undead    |       |       |       |     2 ||     2
Invok: Channel Energy    |       |       |     1 |       ||     1
 Abil: Device Recharging |       |       |       |     1 ||     1
Evoke: Wand              |       |     2 |     6 |    24 ||    32
  Use: Scroll            |       |     3 |     3 |    13 ||    19
       Potion            |       |     1 |     2 |     7 ||    10
 Stab: Sleeping          |       |     1 |     2 |     7 ||    10
